 Dungeon Crawl Stone Soup version 0.27-a0-1181-g5f64966fcc (webtiles) character file.

Game seed: 8803971420647343473

105 voltaire321 the Chopper (level 4, -3/38 HPs)
             Began as a Minotaur Gladiator on May 17, 2021.
             Killed from afar by a steam dragon (7 damage)
             ... with a ball of steam
             ... on level 3 of the Dungeon.
             The game lasted 00:04:13 (2552 turns).

voltaire321 the Chopper (Minotaur Gladiator)        Turns: 2552, Time: 00:04:13

Health: -3/38      AC: 12    Str: 19    XL:     4   Next: 53%
Magic:  3/3        EV:  6    Int:  6    God:
Gold:   84         SH:  0    Dex: 11    Spells: 3/3 levels left

rFire    . . .     SeeInvis .   a - +0 war axe
rCold    + . .     Faith    .   (no shield)
rNeg     . . .     Spirit   .   r - +0 plate armour
rPois    .         Reflect  .   c - +0 hat
rElec    .         Harm     .   (no cloak)
rCorr    .         Rampage  .   p - +0 pair of gloves
Will     .....                  (no boots)
Stlth    ..........             (no amulet)
HPRegen  0.12/turn              h - ring of protection from cold
MPRegen  0.08/turn              (no ring)

@: mighty, attractive
A: horns 2, retaliatory headbutt
a: no special abilities


You were on level 3 of the Dungeon.
You visited 1 branch of the dungeon, and saw 3 of its levels.

You collected 84 gold pieces.

Inventory:

Hand Weapons
 a - a +0 war axe (weapon)
Missiles
 d - 3 throwing nets (quivered)
 m - 15 poisoned darts
Armour
 c - a +0 hat (worn)
 p - a +0 pair of gloves (worn)
 r - a +0 plate armour (worn)
Jewellery
 h - a ring of protection from cold (left hand)
Wands
 l - a wand of polymorph (5)
Scrolls
 e - 2 scrolls of amnesia {unknown}
 f - a scroll of fear {unknown}
 i - a scroll of enchant armour {unknown}
 n - a scroll of fog {unknown}
 o - a scroll of teleportation {unknown}
 q - a scroll of immolation {unknown}
Potions
 g - a potion of magic {unknown}
 j - a potion of attraction
 k - a potion of might


   Skills:
 + Level 3.3 Fighting
 + Level 4.3 Axes
 + Level 2.7 Throwing
 + Level 2.1 Armour
 + Level 3.9 Dodging


You had 3 spell levels left.
You didn't know any spells.
Your spell library contained the following spells:

 Spells                   Type           Power      Damage    Failure   Level
 Magic Dart               Conj           0%         1d3       100%        1
 Blink                    Tloc           N/A        N/A       100%        2
 Call Imp                 Summ           0%         N/A       100%        2
 Slow                     Hex            0%         N/A       100%        2
 Conjure Flame            Conj/Fire      0%         6-21      100%        3
 Mephitic Cloud           Conj/Pois/Air  0%         N/A       100%        3


Dungeon Overview and Level Annotations

Branches:
Dungeon (3/15)

Altars:


Innate Abilities, Weirdness & Mutations

You have a pair of horns on your head.
You reflexively headbutt those who attack you in melee.


Message History

The steam dragon bites you but does no damage.
The steam dragon claws you but does no damage.
The steam dragon bites you but does no damage.
The steam dragon claws you but does no damage.
You closely miss the steam dragon. You headbutt the steam dragon.
The steam dragon is lightly wounded.
The steam dragon breathes steam at you. The ball of steam hits you!
The steam dragon bites you!
* * * LOW HITPOINT WARNING * * *
The steam dragon claws you.
* * * LOW HITPOINT WARNING * * *
You hit the steam dragon but do no damage.
Your headbutt misses the steam dragon.
The steam dragon is lightly wounded.
You are engulfed in a cloud of scalding steam.
* * * LOW HITPOINT WARNING * * *
The steam dragon bites you but does no damage.
The steam dragon claws you but does no damage.
You hit the steam dragon but do no damage.
The steam dragon is lightly wounded.
You are engulfed in a cloud of scalding steam.
The steam dragon bites you but does no damage.
The steam dragon claws you but does no damage.
It was a potion of attraction.
You feel attractive to monsters.
The steam dragon bites you but does no damage.
The steam dragon claws you but does no damage.
It was a potion of might.
You feel very mighty all of a sudden. The steam dragon bites you.
* * * LOW HITPOINT WARNING * * *
The steam dragon claws you but does no damage.
You slash the steam dragon! Your headbutt misses the steam dragon.
The steam dragon is heavily wounded.
You are engulfed in a cloud of scalding steam.
The steam dragon barely misses you.
The steam dragon claws you but does no damage.
The steam dragon breathes steam at you. The ball of steam hits you!
You die...

##.## #.....# #.#
#.....# #.# #######
##.#### .....#
######## #.##.##
#....... #.##..##
#....... #..D.#.##
#.....>. ###@###.#
#.......
#####.#.######.......
.....................
##############.......
########


You could see a steam dragon (catching breath).

Vanquished Creatures
  Jessica (D:2)
  3 adders (D:2)
  A worm (D:2)
  4 ball pythons (D:1)
  2 endoplasms
  2 giant cockroaches (D:1)
  4 goblins
  6 hobgoblins
  9 jackals
  3 kobolds
  A quokka (D:1)
  3 bats (D:1)
  2 frilled lizards (D:2)
  4 rats
45 creatures vanquished.

Notes
Turn   | Place    | Note
-------+----------+-------------------------------------------
     0 | D:1      | voltaire321 the Minotaur Gladiator began the quest for the
                  | Orb.
     0 | D:1      | Reached XP level 1. HP: 18/18 MP: 0/0
   292 | D:1      | Reached XP level 2. HP: 23/25 MP: 1/1
   508 | D:1      | Reached skill level 1 in Armour
   793 | D:1      | Reached XP level 3. HP: 25/30 MP: 2/2
   877 | D:1      | Reached skill level 4 in Axes
  1320 | D:2      | Noticed Jessica
  1603 | D:2      | Killed Jessica
  1747 | D:2      | Reached XP level 4. HP: 29/38 MP: 3/3
  2544 | D:3      | Noticed a steam dragon
  2552 | D:3      | Killed from afar by a steam dragon

Illustrated notes

Levels and vault maps discovered:
D:1:      minmay_arrival_doors, layout_basic, fountainhead, serial_park_tiny_1,
          bh_walls_and_bars
D:2:      layout_rooms, uniq_jessica
D:3:      layout_loops_cross, serial_shops, nicolae_shop_stone,
          shapermc_ecumenical_altar_venn

Skill      XL: |  1  2  3  4 |
---------------+-------------+-----
Armour         | 1 2 |  2.1
Axes           | 4 |  4.3
Fighting       | 3 |  3.3
Throwing       | |  2.7
Dodging        | |  3.9

Action                   |  1- 3 |  4- 6 || total
-------------------------+-------+-------++-------
Melee: War axe           |    64 |    37 ||   101
       Headbutt          |     7 |     9 ||    16
       Unarmed           |     5 |       ||     5
  Use: Potion            |       |     2 ||     2
 Stab: Sleeping          |     1 |       ||     1
Armor: Leather armour    |    18 |    13 ||    31
       Plate armour      |       |    15 ||    15
Dodge: Dodged            |    52 |    23 ||    75

Table legend: (Time is in decaauts)
 A = Elapsed time spent in this place.
 B = Non-inter-level travel time spent in this place.
 C = Inter-level travel time spent in this place.
 D = Time resting spent in this place.
 E = Time spent auto-exploring this place.
 F = Levels seen in this place.
 G = Mean time per level.
                   A        B        C        D        E       F      G
               +--------+--------+--------+--------+--------+-----+--------+
         Total |   2572 |   2540 |     32 |    718 |   1465 |   3 |  857.3 |
       Dungeon |   2572 |   2540 |     32 |    718 |   1465 |   3 |  857.3 |
               +--------+--------+--------+--------+--------+-----+--------+

Top non-repeatable levels by time:
     D:1: 1498 daAuts
     D:2: 970 daAuts
     D:3: 103 daAuts
